 Dungeon Crawl Stone Soup version 0.20-a0-1122-gb7cbeb9 (webtiles) character file.

119 Alarkh the Insei (level 4, -2/34 HPs)
             Began as a Demonspawn Transmuter on May 13, 2017.
             Slain by darksquall's ghost (11 damage)
             ... on level 3 of the Dungeon.
             The game lasted 00:03:47 (3566 turns).

Alarkh the Insei (Demonspawn Transmuter)            Turns: 3566, Time: 00:03:47

Health: -2/34      AC: 10    Str: 10    XL:     4   Next: 73%
Magic:  2/7        EV: 12    Int: 15    God:
Gold:   121        SH:  0    Dex: 14    Spells: 1/7 levels left

rFire    . . .     SeeInvis .     - Unarmed
rCold    + . .     Gourm    .   (no shield)
rNeg     . . .     Faith    .   n - +0 leather armour (curse)
rPois    .         Spirit   .   (helmet restricted)
rElec    .         Reflect  .   (no cloak)
rCorr    .         Harm     .   (no gloves)
MR       .....                  (no boots)
Stlth    +.........             (no amulet)
Regen    0.2/turn               k - ring of protection from cold
MPRegen  0.1/turn               (no ring)

@: sanguine armour, very slightly contaminated
A: horns 1, talons 2, shaggy fur 1, evolution 1, sanguine armour 1
a: no special abilities


You were on level 3 of the Dungeon.
You were not hungry.

You visited 1 branch of the dungeon, and saw 3 of its levels.

You collected 121 gold pieces.

Inventory:

Missiles
 a - 51 arrows
Armour
 b - a +0 robe
 n - a cursed +0 leather armour (worn)
Jewellery
 k - a ring of protection from cold (left hand)
Scrolls
 e - a scroll of identify
 i - a scroll of fear
 j - a scroll of enchant armour {unknown}
 l - a scroll of magic mapping {unknown}
 m - 3 scrolls of immolation
 o - a scroll of remove curse {unknown}
Potions
 f - 3 potions of brilliance
 p - a potion of resistance
 q - a potion of flight
Books
 c - a book of Changes

   Spells                             Type                      Level
   a - Beastly Appendage              Transmutation                1
   b - Sticks to Snakes               Transmutation                2
   c - Spider Form                    Transmutation/Poison         3
   d - Ice Form                       Ice/Transmutation            4
   e - Blade Hands                    Transmutation                5
Comestibles
 d - 2 bread rations
 h - a royal jelly
 r - a meat ration


   Skills:
 + Level 2.3 Fighting
 + Level 2.6 Dodging
 * Level 4.0 Unarmed Combat
 - Level 2.0 Spellcasting
 - Level 1.7 Transmutations


You had one spell level left.
You knew the following spells:

 Your Spells              Type           Power        Failure   Level  Hunger
a - Beastly Appendage     Tmut           #.....       14%         1    #......
b - Sticks to Snakes      Tmut           #.......     22%         2    ###....
c - Spider Form           Tmut/Pois      #.........   54%         3    ###....


Dungeon Overview and Level Annotations

Branches:
Dungeon (3/15)

Altars:

Annotations:
D:3 darksquall's ghost, weakling DsGl


Innate Abilities, Weirdness & Mutations

You have razor-sharp toenails.
When seriously injured, your bleeding wounds create armour. (AC +6)
You have a pair of small horns on your head.
You are covered in fur. (AC +1)
You evolve.


Message History

Your transformation has ended.
Your cursed +0 leather armour unmelds from your body.
Darksquall's ghost closely misses you.
You hit darksquall's ghost but do no damage.
Darksquall's ghost is severely damaged.
Darksquall's ghost hits you!
Your blood congeals into armour.
You are too injured to fight recklessly!
You are too injured to fight recklessly!
You miss darksquall's ghost. Your kick misses darksquall's ghost.
You headbutt darksquall's ghost.
Darksquall's ghost is severely damaged.
Darksquall's ghost hits you.
You miss darksquall's ghost.
Darksquall's ghost is severely damaged.
Darksquall's ghost hits you.
* * * LOW HITPOINT WARNING * * *
You barely miss darksquall's ghost. You headbutt darksquall's ghost.
Darksquall's ghost is almost destroyed.
Darksquall's ghost hits you!
You die...

..#
####........#.#..........#...
.#
#......####.............##..#
#......####.............)...#
#.....###...............##..#
#.....##..#.............# ..
##......^.##.............# #
#......#####.............#
.#......# #.)...........#
........# ##W@....##.####.
.###########.....####..
#.......# #...##### #####


You could see darksquall's ghost.

Vanquished Creatures
  4 adders
  An ooze (D:1)
  2 worms (D:3)
  A leopard gecko (D:2)
  4 orcs (D:3)
  6 giant cockroaches
  6 goblins
  6 hobgoblins
  4 jackals
  2 quokkas
  14 bats
  3 frilled lizards (D:1)
  6 kobolds
  8 rats
67 creatures vanquished.

Notes
Turn   | Place    | Note
-------+----------+-------------------------------------------
     0 | D:1      | Alarkh the Demonspawn Transmuter began the quest for the Orb.
     0 | D:1      | Reached XP level 1. HP: 15/15 MP: 3/3
   373 | D:1      | Reached skill level 3 in Unarmed Combat
   377 | D:1      | Mutation became permanent: You have razor-sharp toenails. [demonic ancestry]
   377 | D:1      | Gained mutation: You have claws for feet. [demonic ancestry]
   377 | D:1      | Reached XP level 2. HP: 3/21 MP: 3/5
  1198 | D:1      | Reached XP level 3. HP: 8/27 MP: 4/6
  1551 | D:1      | Learned a level 2 spell: Sticks to Snakes
  1555 | D:1      | Learned a level 3 spell: Spider Form
  1713 | D:2      | Gained mutation: You evolve. [potion of mutation]
  1713 | D:2      | Gained mutation: You are covered in fur. (AC +1) [potion of mutation]
  1713 | D:2      | Gained mutation: You have a pair of large horns on your head. [potion of mutation]
  2034 | D:2      | Gained mutation: You have razor-sharp toenails. [evolution]
  2291 | D:2      | Gained mutation: When seriously injured, your bleeding wounds create armour. (AC +6) [demonic ancestry]
  2291 | D:2      | Reached XP level 4. HP: 33/33 MP: 7/7
  3022 | D:3      | Reached skill level 4 in Unarmed Combat
  3043 | D:3      | Noticed darksquall's ghost (weakling DsGl)
  3566 | D:3      | Slain by darksquall's ghost

Vault maps used:
D:1:      sevenhm_arrival_forest_fort_large_2
D:3:      gammafunk_temple_overflow_claw

Skill      XL: |  1  2  3  4 |
---------------+-------------+-----
Unarmed Combat | 3 4 |  4.0
Dodging        | 2 |  2.6
Fighting       | 2 |  2.3
Spellcasting   | |  2.0
Transmutations | |  1.7

Action                   |  1- 3 |  4- 6 || total
-------------------------+-------+-------++-------
Melee: Unarmed           |   163 |   116 ||   279
       Kick              |    17 |    17 ||    34
       Punch             |     2 |     1 ||     3
       Headbutt          |     9 |    19 ||    28
 Cast: Beastly Appendage |     7 |       ||     7
       Spider Form       |       |     1 ||     1
  Use: Potion            |     3 |     1 ||     4
       Scroll            |     2 |     2 ||     4
 Stab: Sleeping          |       |     2 ||     2
  Eat: Chunk             |     5 |     4 ||     9
Armor: Robe              |    27 |       ||    27
       Leather armour    |    13 |    39 ||    52
Dodge: Dodged            |   131 |    79 ||   210
